Map: Abandoned Camp

Players

mdK

  • Race: Terran Terran
  • Spawn Location: 11:00

Goosfraba

  • Race: Zerg Zerg
  • Spawn Location: 7:00

Zizou

  • Race: Terran Terran
  • Spawn Location: 9:00

Dhesterx

  • Race: Terran Terran
  • Spawn Location: 3:00

Cuervo

  • Race: Zerg Zerg
  • Spawn Location: 5:00

ManRyChea

  • Race: Protoss Protoss
  • League: Gold
  • Spawn Location: 3:00

VOD

Have the link to the VOD?

Description

Time

  • Played on: Sept. 21, 2017, 9:57 a.m.
  • Length: 4:40
Show
View Real Time Build Order
Export as new Build Order

mdK Terran 

Build Orders:  

Get SALT Encoding   

  12  0:01  SCV  
  13  0:13  SCV  
  14  0:18  Supply Depot  
  14  0:25  SCV  
  15  0:40  Barracks, SCV  
  16  0:45  Refinery  
  16  0:52  SCV  
  18  1:04  SCV  
  18  1:16  SCV  
  19  1:29  Barracks  
  19  1:30  Orbital Command  
  19  1:32  Barracks  
  19  1:39  Refinery  
  19  1:40  Reaper  
  20  1:57  SCV  
  21  2:11  SCV  
  21  2:12  Reaper  
  23  2:39  Bunker  
  23  2:43  Supply Depot  
  23  3:04  SCV, Reaper  
  21  3:29  SCV  
Show
View Real Time Build Order
Export as new Build Order

Goosfraba Zerg 

Build Orders: Pool First 

Get SALT Encoding   

  12  0:02  Drone  
  13  0:11  Drone  
  14  0:27  Spawning Pool  
  13  0:31  Drone  
  13  0:33  Extractor  
  13  0:40  Overlord  
  13  0:45  Drone  
  14  0:59  Drone x2  
  16  1:14  Queen  
  16  1:17  Drone  
  19  1:36  Metabolic Boost  
  19  1:45  Hatchery  
  18  1:56  Overlord  
  18  2:09  Zergling x4  
  18  2:10  Zergling x2  
  21  2:16  Queen  
  23  2:36  Zergling x8  
  27  2:48  Zergling x2  
  28  3:01  Zergling x4  
  30  3:19  Zergling x12  
  33  3:46  Zergling x6  
  32  4:01  Zergling x6  
  32  4:02  Zergling x6  
Show
View Real Time Build Order
Export as new Build Order

Zizou Terran 

Build Orders:  

Get SALT Encoding   

  12  0:01  SCV  
  13  0:13  SCV  
  14  0:19  Supply Depot  
  14  0:27  SCV  
  15  0:41  SCV  
  16  0:44  Barracks  
  16  0:48  Refinery  
  16  0:53  SCV  
  17  1:05  SCV  
  18  1:17  SCV  
  19  1:32  Reaper  
  20  1:35  Barracks  
  20  1:36  Barracks  
  20  1:42  Orbital Command  
  20  1:47  Refinery  
  20  1:56  Supply Depot  
  20  2:09  SCV  
  20  2:10  Reaper  
  22  2:21  SCV  
  23  2:26  Reaper  
  24  2:33  SCV, Reaper  
  24  2:34  Supply Depot  
  26  2:42  Reaper  
  27  2:45  SCV  
  29  2:58  Reaper  
  29  3:05  Reaper  
  30  3:15  Reaper  
  30  3:18  Supply Depot  
  31  3:24  SCV  
  32  3:30  Reaper  
  33  3:58  SCV  
Show
View Real Time Build Order
Export as new Build Order

Dhesterx Terran 

Build Orders:  

Get SALT Encoding   

  12  0:19  SCV  
  13  0:31  SCV  
  14  0:41  Refinery  
  14  0:47  SCV  
  15  1:06  Supply Depot  
  15  1:28  SCV  
  16  1:35  Barracks  
  16  1:40  SCV  
  17  1:52  SCV  
  18  2:04  SCV  
  18  2:08  Engineering Bay  
  19  2:16  SCV  
  20  2:45  Factory  
  20  2:57  Marine  
  20  3:14  Marine  
  20  3:32  Marine  
  20  3:33  Barracks  
  21  3:38  Barracks  
  20  3:50  Marine  
  20  4:00  Refinery  
  20  4:08  Marine  
Show
View Real Time Build Order
Export as new Build Order

Cuervo Zerg 

Build Orders: Pool First 

Get SALT Encoding   

  12  0:02  Drone  
  13  0:14  Overlord  
  13  0:17  Drone  
  14  0:33  Drone  
  14  0:34  Drone  
  16  0:37  Drone  
  17  0:46  Spawning Pool  
  16  0:50  Drone  
  17  0:58  Drone  
  18  1:18  Hatchery  
  17  1:20  Drone  
  17  1:23  Extractor  
  18  1:25  Drone  
  18  1:34  Zergling x2  
  18  1:36  Queen  
  21  1:43  Overlord  
  21  2:08  Drone x2  
  23  2:11  Queen  
  23  2:15  Drone  
  26  2:24  Drone  
  26  2:28  Metabolic Boost  
  26  2:29  Queen  
  29  2:32  Drone  
  30  2:38  Drone  
  31  2:45  Zergling x2  
  31  2:46  Zergling x2  
  33  2:53  Drone x2  
  33  2:54  Drone  
  33  2:55  Overlord  
  33  3:14  Zergling x6  
  28  3:27  Queen  
  28  3:28  Zergling x2  
  28  3:29  Zergling x10  
  34  3:40  Zergling x2  
  34  3:41  Zergling x2  
  29  3:45  Zergling x2  
  22  3:58  Drone  
  18  4:04  Zergling x2  
  18  4:05  Zergling x2  
Show
View Real Time Build Order
Export as new Build Order

ManRyChea Protoss 

Build Orders:  

Get SALT Encoding   

  12  0:19  Probe (Chrono Boost)  
  13  0:38  Pylon  
  13  0:42  Probe (Chrono Boost)  
  14  0:52  Probe (Chrono Boost)  
  15  1:01  Gateway  
  15  1:06  Gateway  
  15  1:09  Gateway  
  15  1:16  Gateway  
  15  1:24  Pylon  
  15  1:27  Probe (Chrono Boost)  
  16  1:38  Probe (Chrono Boost)  
  17  1:48  Pylon  
  17  1:51  Zealot  
  21  1:54  Zealot  
  21  2:00  Zealot  
  23  2:06  Zealot  
  25  2:22  Zealot  
  27  2:23  Zealot  
  27  2:27  Zealot  
  31  2:33  Zealot  
  28  3:21  Zealot x2  
  17  4:07  Probe (Chrono Boost)  
  14  4:18  Probe (Chrono Boost)  
Tags
 
Add a new tag
Caveats
  • Supply blocks, unpowered buildings, or Contaminate may cause inaccurate times.
  • Supply counts are checked every 10 seconds.